 Dungeon Crawl Stone Soup version 0.32-a0-931-g5a2cda0630 (webtiles) character file.

Game seed: 11126098724579202080

18 Ofeo the Charlatan (level 2, 0/21 HPs)
             Began as a Coglin Artificer on Apr 14, 2024.
             Slain by a ribbon worm (4 damage)
             ... on level 2 of the Dungeon.
             The game lasted 00:00:47 (982 turns).

Ofeo the Charlatan (Coglin Artificer)                Turns: 982, Time: 00:00:47

Health: 0/21       AC:  4    Str: 12    XL:     2   Next: 70%
Magic:  2/2        EV: 10    Int: 10    God:
Gold:   50         SH:  0    Dex: 14    Spells: 1/1 levels left

rFire   . . .        j - +0 hand axe {Xiuhtonal}
rCold   . . .        f - +0 dagger {Myungok}
rNeg    . . .        b - +0 leather armour
rPois   .            (no helmet)
rElec   .            (no cloak)
rCorr   .            (no gloves)
SInv    .            k - +0 pair of boots
Will    .....        (amulet unavailable)
Stlth   +            (ring unavailable)
HPRegen 0.23/turn    (ring unavailable)
MPRegen 0.08/turn    (no gizmo)

%: no passive effects
@: revved
A: off-hand wielding, slow wielding, warmup strikes, no jewellery
a: Invent Gizmo


You were on level 2 of the Dungeon.
You visited 1 branch of the dungeon, and saw 2 of its levels.

You collected 50 gold pieces.

Inventory:

Hand Weapons
 a - a +0 club {Ankhesenamen}
 f - a +0 dagger (offhand) {Myungok}
 j - a +0 hand axe (weapon) {Xiuhtonal}
Armour
 b - a +0 leather armour (worn)
 k - a +0 pair of boots (worn)
Wands
 c - a wand of flame (15) (quivered)
 d - a wand of charming (15)
 e - a wand of iceblast (5) {@v4}
Scrolls
 h - 3 scrolls of teleportation {@r3}
Potions
 g - a potion of enlightenment {unknown}
 i - a potion of ambrosia {unknown}


   Skills:
 - Level 1.3 Fighting
 - Level 2.0 Armour
 - Level 1.1 Dodging
 - Level 1.1 Stealth
 + Level 4.4 Evocations


You had one spell level left.
You didn't know any spells.
Your spell library was empty.

Dungeon Overview and Level Annotations

Branches:
Dungeon (2/15)

Altars:

Annotations:
D:2 Jessica


Innate Abilities, Weirdness & Mutations

You can wield a second weapon in your off-hand.
It takes a long time for you to wield or remove held weapons.
Your first few attacks do less damage.
You cannot equip rings or amulets.


Message History

Jessica points at you and mumbles some strange words.
Pain shoots through your body!
* * * LOW HITPOINT WARNING * * *
You take 12 damage, and have 6/21 hp.
MASSIVE DAMAGE!!
The hobgoblin attacks as it pursues you!
The hobgoblin misses you. The hobgoblin hits you.
* * * LOW HITPOINT WARNING * * *
You take 1 damage, and have 5/21 hp.
You closely miss the hobgoblin with your +0 hand axe.
You barely miss the hobgoblin with your +0 dagger.
The hobgoblin barely misses you.
Jessica casts a spell.
Jessica blinks!
The hobgoblin closely misses you.
You closely miss the hobgoblin with your +0 hand axe.
You hit the hobgoblin with your +0 dagger.
The hobgoblin barely misses you. The hobgoblin completely misses you.
You barely miss the hobgoblin with your +0 dagger.
The hobgoblin is lightly wounded.
You hit the hobgoblin with your +0 hand axe.
The hobgoblin hits you.
* * * LOW HITPOINT WARNING * * *
You take 4 damage, and have 3/21 hp.
You hit the hobgoblin but do no damage.
The hobgoblin is moderately wounded.
You hit the hobgoblin with your +0 hand axe.
You kill the hobgoblin!
Jessica gestures wildly while chanting.
Jessica blinks!
The ribbon worm expels a string of sticky webbing.
The stream of webbing hits you but does no damage.
You are caught in a web!
You struggle to detach yourself from the web.
The ribbon worm bites you but does no damage.
The web tears apart.
The ribbon worm barely misses you.
You hit the ribbon worm with your +0 dagger.
The ribbon worm is moderately wounded.
You hit the ribbon worm with your +0 hand axe.
You feel yourself speed up. The ribbon worm bites you.
You die...

###.....†....#
..##........†.###
#.#..#......#.##
#.#.........#..#
#.####.†....##.#
##.####......##.#
..#............#
#.######.####### #@#
#.# # #w# #.#
####.##'#.# #.#
........@.### #.#
###.##'#.#.####.######
+..#.#....<......#
#..#.##..........#
#.####.##..........#
....................#


You could see a ribbon worm (catching breath) and Jessica.

Vanquished Creatures
  A ribbon worm (D:2)
  4 bats
  An endoplasm (D:1)
  A giant cockroach (D:2)
  2 hobgoblins (D:2)
  A kobold (D:1)
  A quokka (D:1)
  2 ball pythons
  A frilled lizard (D:1)
  A goblin (D:1)
15 creatures vanquished.

Notes
Turn   | Place    | Note
-------+----------+-------------------------------------------
     0 | D:1      | Ofeo the Coglin Artificer began the quest for the Orb.
     0 | D:1      | Reached XP level 1. HP: 15/15 MP: 1/1
   135 | D:1      | Reached skill level 1 in Dodging
   244 | D:1      | Reached skill level 1 in Stealth
   246 | D:1      | Reached XP level 2. HP: 18/21 MP: 2/2
   967 | D:2      | Noticed Jessica
   982 | D:2      | Slain by a ribbon worm

Illustrated notes

Levels and vault maps discovered:
D:1:      dpeg_arrival_oval, layout_rooms, minivault_27
D:2:      minmay_door_path, layout_rooms, uniq_robin, uniq_jessica

Skill      XL: |  1  2 |
---------------+-------+-----
Dodging        | 1 |  1.1
Stealth        | 1 |  1.1
Armour         | 2 |  2.0
Fighting       | |  1.3
Evocations     | |  4.4

Action                     || total
---------------------------++-------
  Melee: Club              ||    35
         Dagger            ||    35
         Hand axe          ||     8
    Use: Scroll            ||     2
 Armour: Leather armour    ||    31
  Dodge: Dodged            ||    31

Table legend: (Time is in decaauts)
 A = Elapsed time spent in this place.
 B = Non-inter-level travel time spent in this place.
 C = Inter-level travel time spent in this place.
 D = Time resting spent in this place.
 E = Time spent auto-exploring this place.
 F = Levels seen in this place.
 G = Mean time per level.
                   A        B        C        D        E       F      G
               +--------+--------+--------+--------+--------+-----+--------+
         Total |    994 |    931 |     63 |      0 |    792 |   2 |  497.0 |
       Dungeon |    994 |    931 |     63 |      0 |    792 |   2 |  497.0 |
               +--------+--------+--------+--------+--------+-----+--------+

Top non-repeatable levels by time:
     D:1: 824 daAuts
     D:2: 170 daAuts
